 Dungeon Crawl Stone Soup version 0.19.4 (webtiles) character file.

227 Jynx the Slasher (level 5, 0/46 HPs)
             Began as a Minotaur Fighter on Feb 5, 2017.
             Slain by an orc priest
             ... wielding a +0 trident
              (3 damage)
             ... on level 3 of the Dungeon.
             The game lasted 00:03:56 (2359 turns).

Jynx the Slasher (Minotaur Fighter)                 Turns: 2359, Time: 00:03:57

Health: 0/46       AC:  6    Str: 21    XL:     5   Next: 70%
Magic:  4/4        EV:  9    Int:  6    God:
Gold:   108        SH:  9    Dex:  9    Spells: 0 memorised, 4 levels left

rFire  . . .     SeeInvis .     a - +0 long sword
rCold  . . .     Gourm    .     j - +0 steam dragon scales
rNeg   . . .     Faith    .     c - +0 shield
rPois  .         Spirit   .     (helmet restricted)
rElec  .         Reflect  .     (no cloak)
rCorr  .         Harm     .     (no gloves)
MR     .....                    (no boots)
Stlth  +.........               (no amulet)
                                (no ring)
                                (no ring)

@: no status effects
A: retaliatory headbutt, horns 2
a: no special abilities


You were on level 3 of the Dungeon.
You were not hungry.

You visited 1 branch of the dungeon, and saw 3 of its levels.

You collected 108 gold pieces.

Inventory:

Hand Weapons
 a - a +0 long sword (weapon)
Armour
 c - a +0 shield (worn)
 j - +0 steam dragon scales (worn)
Jewellery
 g - an uncursed amulet of rage {unknown}
 h - an uncursed ring of flight {unknown}
 x - a +3 ring of protection {unknown}
Scrolls
 b - a scroll of blinking {unknown}
 m - a scroll of enchant weapon {unknown}
 n - a scroll of fog {unknown}
 o - 2 scrolls of identify {unknown}
 v - 2 scrolls of remove curse {unknown}
 y - a scroll of random uselessness {unknown}
Potions
 d - a potion of might
 e - 2 potions of magic {unknown}
 i - a potion of mutation {unknown}
 k - a potion of curing {unknown}
 p - a potion of heal wounds {unknown}
 r - a potion of haste {unknown}
 s - a potion of degeneration {unknown}
 w - a potion of cure mutation {unknown}
Books
 l - a book of Changes

   Spells                             Type                      Level
   a - Beastly Appendage              Transmutation                1
   b - Sticks to Snakes               Transmutation                2
   c - Spider Form                    Transmutation/Poison         3
   d - Ice Form                       Ice/Transmutation            4
   e - Blade Hands                    Transmutation                5
Comestibles
 f - 4 bread rations
 q - 2 meat rations
 t - 3 chunks of flesh
 u - a beef jerky


   Skills:
 + Level 4.1 Fighting
 * Level 5.8 Long Blades
 + Level 4.5 Armour
 + Level 4.5 Shields


You had 4 spell levels left.
You didn't know any spells.

Dungeon Overview and Level Annotations

Branches:
Dungeon (3/15)

Altars:
Makhleb
The Shining One


Innate Abilities, Weirdness & Mutations

You reflexively headbutt those who attack you in melee.
You have a pair of horns on your head.


Message History

Pain shoots through your body!
You see here a worker ant corpse.
Your shield prevents you from hitting the orc priest.
Your headbutt misses the orc priest. The orc priest barely misses you.
You furiously retaliate!
You headbutt the orc priest.
You riposte.
You hit the orc priest.
The orc priest is moderately wounded.
You hit the orc priest.
The orc priest is severely wounded.
The orc priest calls down the wrath of Beogh upon you.
Beogh smites you!
* * * LOW HITPOINT WARNING * * *
The orc priest hits you with a trident!
* * * LOW HITPOINT WARNING * * *
You hear a shout! x2
Your shield prevents you from hitting the orc priest.
Your headbutt misses the orc priest.
The orc priest is severely wounded.
The orc priest hits you with a trident.
You die... go.

...## ### #.. #...#### ####.. #..
#.....## #..... #.# #.....#
###.#### #.# ####..####...####
.####### #.# ##†.##..####..
.......###.### ######.......##.#
.......##..S.####........#...#.<.
.......##....##o@...###..#.......
..............o.#...##...........
.......##....####.).##.#.....##..
#########....####...##.......#...
#.........(............## #
#####..#####..(.....#......##
#.#....###......(÷..........###
#......##.##.........#.#....>.
##...........................#


You could see an orc priest and an orc.

Vanquished Creatures
  A hound (D:2)
  A worker ant (D:3)
  Robin (D:2)
  7 adders
  2 oozes (D:3)
  A dart slug (D:3)
  6 orcs (D:3)
  A ball python (D:3)
  2 giant cockroaches
  20 goblins
  10 hobgoblins
  4 jackals (D:2)
  10 kobolds
  A quokka (D:3)
  3 bats
  4 frilled lizards
  5 rats
79 creatures vanquished.

Notes
Turn   | Place    | Note
-------+----------+-------------------------------------------
     0 | D:1      | Jynx the Minotaur Fighter began the quest for the Orb.
     0 | D:1      | Reached XP level 1. HP: 19/19 MP: 0/0
   340 | D:1      | Reached skill level 3 in Long Blades
   379 | D:1      | Reached XP level 2. HP: 27/27 MP: 1/1
  1008 | D:2      | Reached XP level 3. HP: 31/33 MP: 2/2
  1116 | D:2      | Reached skill level 4 in Long Blades
  1193 | D:2      | Noticed Robin
  1251 | D:2      | Killed Robin
  1251 | D:2      | Reached XP level 4. HP: 2/40 MP: 3/3
  1829 | D:2      | Found a glowing golden altar of the Shining One.
  1962 | D:2      | Found a burning altar of Makhleb.
  1973 | D:2      | Reached skill level 5 in Long Blades
  1973 | D:2      | Reached XP level 5. HP: 43/46 MP: 4/4
  2263 | D:3      | Found a faded altar of an unknown god.
  2359 | D:3      | Slain by an orc priest

Skill      XL: |  1  2  3  4 |
---------------+-------------+-----
Long Blades    | 3 4 5 |  5.8
Shields        | 4 |  4.5
Armour         | 4 |  4.5
Fighting       | 4 |  4.1

Action                   |  1- 3 |  4- 6 || total
-------------------------+-------+-------++-------
Melee: Long sword        |    78 |   119 ||   197
       Headbutt          |    13 |    15 ||    28
  Eat: Chunk             |     1 |     4 ||     5
Armor: Scale mail        |     2 |       ||     2
       Steam dragon scal |    18 |    37 ||    55
Dodge: Dodged            |    18 |    42 ||    60
Block: Shield            |    29 |    67 ||    96
       Rpst.: Long sword |     7 |     9 ||    16
